 Dungeon Crawl Stone Soup version 0.27-a0-1301-g128193abf8 (webtiles) character file.

Game seed: 777450359797166009

2470 night the Chiller (level 9, -7/69 HPs)
             Began as a Demonspawn Ice Elementalist on June 17, 2021.
             Was an Initiate of Vehumet.
             Shot with an arrow by a centaur (9 damage)
             ... on level 8 of the Dungeon.
             The game lasted 00:20:46 (10309 turns).

night the Chiller (Demonspawn Ice Elementalist)    Turns: 10309, Time: 00:20:46

Health: -7/69      AC:  3    Str:  9    XL:     9   Next: 26%
Magic:  18/18      EV: 12    Int: 19    God:    Vehumet [......]
Gold:   316        SH:  0    Dex: 14    Spells: 13/20 levels left

rFire    . . .     SeeInvis .     - Unarmed
rCold    . . .     Faith    .   (no shield)
rNeg     . . .     Spirit   .   a - +1 robe
rPois    .         Reflect  .   (helmet restricted)
rElec    .         Harm     .   (no cloak)
rCorr    +         Rampage  .   (no gloves)
Will     .....                  (no boots)
Stlth    ++........             u - amulet of magic regeneration
HPRegen  0.21/turn              y - ring of resist corrosion
MPRegen  0.41/turn              (no ring)

@: no status effects
A: claws 1, horns 2, talons 1, ignite blood 1
a: Renounce Religion


You were on level 8 of the Dungeon.
You worshipped Vehumet.
Vehumet was noncommittal.
You visited 2 branches of the dungeon, and saw 9 of its levels.

You collected 316 gold pieces.

Inventory:

Hand Weapons
 h - the +4 mace of Linearity {venom, SInv}
   (You found it on level 6 of the Dungeon)

   It poisons the flesh of those it strikes.
   It lets you see invisible.
Missiles
 c - 355 stones
 e - 7 curare-tipped darts
 f - 78 sling bullets
 g - 8 atropa-tipped darts
 A - 2 throwing nets
Armour
 a - a +1 robe (worn)
Jewellery
 b - a ring of fire
 l - an amulet of reflection
 u - an amulet of magic regeneration (around neck)
 y - a ring of resist corrosion (left claw)
Wands
 p - a wand of mindburst (15)
 v - a wand of acid (6)
 x - a wand of iceblast (9)
 C - a wand of charming (3)
 D - a wand of digging (10)
Scrolls
 i - a scroll of fear
 k - a scroll of fog
 o - 2 scrolls of silence
 q - a scroll of summoning
 s - 2 scrolls of teleportation
 w - a scroll of amnesia
 E - 4 scrolls of identify
Potions
 d - a potion of heal wounds {unknown}
 m - 2 potions of lignification
 n - 3 potions of haste
 r - a potion of curing
 t - 2 potions of flight {unknown}
 z - a potion of degeneration {unknown}
 B - 2 potions of invisibility {unknown}
 F - a potion of resistance {unknown}


   Skills:
 + Level 5.7 Fighting
 - Level 1.7 Dodging
 - Level 1.7 Stealth
 + Level 5.2 Unarmed Combat
 + Level 6.3 Spellcasting
 + Level 7.1 Ice Magic


You had 13 spell levels left.
You knew the following spells:

 Your Spells              Type           Power      Damage    Failure   Level
a - Freeze                Ice            100%       1d11      1%          1
b - Frozen Ramparts       Ice            66%        1d8       1%          3
c - Ozocubu's Armour      Ice            33%        N/A       1%          3

Your spell library contained the following spells:

 Spells                   Type           Power      Damage    Failure   Level
 Ensorcelled Hibernation  Hex/Ice        38%        N/A       3%          2
 Animate Skeleton         Necr           12%        N/A       11%         1
 Apportation              Tloc           12%        N/A       11%         1
 Corona                   Hex            6%         N/A       11%         1
 Magic Dart               Conj           24%        1d4       11%         1
 Summon Small Mammal      Summ           24%        N/A       11%         1
 Blink                    Tloc           N/A        N/A       16%         2
 Call Imp                 Summ           6%         N/A       16%         2
 Passwall                 Tmut/Erth      5%         N/A       16%         2
 Slow                     Hex            6%         N/A       16%         2
 Hailstorm                Conj/Ice       19%        3d6       26%         4
 Summon Ice Beast         Ice/Summ       19%        N/A       26%         4
 Call Canine Familiar     Summ           6%         N/A       32%         3
 Conjure Flame            Conj/Fire      6%         6-21      32%         3
 Inner Flame              Hex/Fire       6%         N/A       32%         3
 Mephitic Cloud           Conj/Pois/Air  6%         N/A       32%         3
 Portal Projectile        Hex/Tloc       12%        N/A       32%         3
 Summon Guardian Golem    Hex/Summ       6%         N/A       32%         3
 Metabolic Englaciation   Hex/Ice        9%         N/A       56%         5
 Sticky Flame             Conj/Fire      6%         2d3       71%         4
 Summon Lightning Spire   Summ/Air       6%         N/A       71%         4
 Starburst                Conj/Fire      3%         8x6d3     100%        6


Dungeon Overview and Level Annotations

Branches:
Dungeon (8/15)             Temple (1/1) D:7
   Lair: D:8-11

Altars:
Ashenzari
Cheibriados
Dithmenos
Fedhas
Gozag
Hepliaklqana
Makhleb
Nemelex Xobeh
Okawaru
Qazlal
Ru
Sif Muna
Trog
Uskayaw
Vehumet
Wu Jian
Xom
Yredelemnul
Zin
The Shining One
Lugonu

Annotations:
D:3 2 runed translucent doors, Nosferatu13666's ghost, amateur GrFi
D:6 3 runed translucent doors, Sapher's ghost, weakling DDDe
D:7 2 transporters


Innate Abilities, Weirdness & Mutations

You have sharp fingernails.
You have a pair of horns on your head.
You have sharp toenails.
Your demonic aura sometimes causes spilled blood to erupt in flames.


Message History

The centaur wields a +0 shortbow.
The centaur shoots an arrow.
The arrow hits you!
The centaur shoots an arrow.
The arrow hits you!
The centaur shoots an arrow.
The arrow hits you.
The centaur shoots an arrow.
The arrow hits you!
The centaur shoots an arrow.
The arrow hits you!
* * * LOW HITPOINT WARNING * * *
The centaur shoots an arrow.
The arrow hits you!
* * * LOW HITPOINT WARNING * * *
The centaur shoots an arrow.
The arrow misses you.
The centaur shoots an arrow.
The arrow barely misses you.
The centaur shoots an arrow.
The arrow hits you.
* * * LOW HITPOINT WARNING * * *
Casting: Freeze (safe; 1% risk of failure)
Confirm with . or Enter, or press ? or * to list all spells.
Casting: Frozen Ramparts (safe; 1% risk of failure)
Press: ? - help, Dir - look around, f - activate
Okay, then.
You feel better.
Aiming: Iceblast
Press: ? - help, Shift-Dir - straight line, f - centaur
Aim: a centaur, wielding a +0 shortbow and quivering arrows The mass of ice explodes!
The iceblast engulfs the centaur.
The centaur is moderately wounded.
The centaur shoots an arrow.
The arrow hits you!
* * * LOW HITPOINT WARNING * * *
The centaur shoots an arrow.
The arrow hits you!
* * * LOW HITPOINT WARNING * * *
It was a potion of cancellation.
You feel magically purged.
The centaur shoots an arrow.
The arrow closely misses you.
You feel better.
The centaur shoots an arrow.
The arrow hits you.
* * * LOW HITPOINT WARNING * * *
Aiming: Corrosive Bolt
Press: ? - help, Shift-Dir - straight line, f/p - centaur
Aim: a centaur, wielding a +0 shortbow and quivering arrows (moderately wounded, 83% to hit)
The bolt of acid hits the centaur!
The centaur is splashed with acid.
The acid corrodes the centaur!
The centaur is almost dead.
The centaur shoots an arrow.
The arrow hits you!
You die...

#.. ##.................
#.##......####......#.
#.####..#.#.....#...##.#...
#...............#.# #.....
###.....#.....# #.....
#...##.......#####.....
###.####c#.........#.<...
#...# #.#...............
#......###
##@#..#.....##..... #....c.
#..##....#..##..... #......
#.#####............ #......
#.# #.#...#..#### #.....c
#.# #........# # #......
#.# #........# #...... #.#
#.....##.# ### #.....##.#
#.....##.#


You could see a centaur (corroded).

Vanquished Creatures
  A hornet (D:8)
  4 yaks (D:8)
  2 ice beasts (D:6)
  A sky beast (D:7)
  2 black bears
  A centaur (D:8)
  4 scorpions
  2 howler monkeys
  2 bullfrog zombies (D:6)
  4 hounds (D:6)
  An orc priest (D:8)
  2 iguanas (D:5)
  Jessica (D:2)
  A centaur skeleton (D:6)
  A gnoll shaman (D:5)
  Ijyb (D:5)
  3 orc wizards
  Natasha (twice) (D:3)
  2 killer bee zombies (D:6)
  A hound skeleton (D:4)
  2 howler monkey zombies
  6 adders
  8 gnolls
  A shadow imp (D:5)
  2 white imps
  2 ufetubi
  4 worms
  5 dart slugs
  11 orcs
  12 ball pythons
  20 endoplasms
  5 giant cockroaches
  4 goblins
  6 hobgoblins
  5 jackals (D:1)
  2 quokkas
  5 bats
  2 frilled lizards
  9 kobolds
  9 rats
158 creatures vanquished.

Vanquished Creatures (others)
  An orc wizard (D:8)
1 creature vanquished.

Grand Total: 159 creatures vanquished

Notes
Turn   | Place    | Note
-------+----------+-------------------------------------------
     0 | D:1      | night the Demonspawn Ice Elementalist began the quest for
                  | the Orb.
     0 | D:1      | Reached XP level 1. HP: 13/13 MP: 3/3
     1 | D:1      | Found a runed translucent door.
   393 | D:1      | HP: 1/13 [dart slug/slug dart (5)]
   396 | D:1      | Gained mutation: You have sharp fingernails. [demonic
                  | ancestry]
   396 | D:1      | Reached XP level 2. HP: 2/19 MP: 0/5
   935 | D:1      | Reached skill level 4 in Ice Magic
  1068 | D:1      | Gained mutation: You have a pair of small horns on your
                  | head. [demonic ancestry]
  1068 | D:1      | Reached XP level 3. HP: 11/24 MP: 0/7
  1363 | D:1      | Found a faded altar of an unknown god.
  1956 | D:1      | Learned a level 3 spell: Ozocubu's Armour
  1960 | D:1      | Learned a level 3 spell: Frozen Ramparts
  2219 | D:2      | Gained mutation: You have sharp toenails. [demonic
                  | ancestry]
  2219 | D:2      | Reached XP level 4. HP: 30/30 MP: 2/8
  2899 | D:2      | Noticed Jessica
  2901 | D:2      | Killed Jessica
  3258 | D:2      | Gained mutation: Your demonic aura sometimes causes spilled
                  | blood to erupt in flames. [demonic ancestry]
  3258 | D:2      | Reached XP level 5. HP: 36/36 MP: 3/10
  3568 | D:3      | Reached skill level 1 in Fighting
  3568 | D:3      | Reached skill level 1 in Unarmed Combat
  3691 | D:3      | Noticed Natasha
  3693 | D:3      | Killed Natasha
  4291 | D:3      | Noticed Natasha
  4297 | D:3      | Killed Natasha
  4373 | D:3      | Found a large runed translucent door.
  4376 | D:3      | Found a large runed translucent door.
  4376 | D:3      | Noticed Nosferatu13666's ghost (amateur GrFi)
  4730 | D:4      | Identified a scroll of acquirement
  4730 | D:4      | Acquired the Handbook of Bewitchment
  4746 | D:4      | Reached skill level 5 in Ice Magic
  4746 | D:4      | Gained mutation: You have a pair of horns on your head.
                  | [demonic ancestry]
  4746 | D:4      | Reached XP level 6. HP: 40/44 MP: 5/11
  4958 | D:4      | Reached skill level 2 in Fighting
  5612 | D:5      | Entered Level 5 of the Dungeon
  5699 | D:5      | Noticed Ijyb
  5705 | D:5      | Killed Ijyb
  6127 | D:5      | Reached skill level 2 in Unarmed Combat
  6398 | D:5      | Reached XP level 7. HP: 49/51 MP: 7/13
  7142 | D:6      | Found a runed translucent gate.
  7142 | D:6      | Found a runed translucent gate.
  7142 | D:6      | Found a runed translucent gate.
  7142 | D:6      | Noticed Sapher's ghost (weakling DDDe)
  7144 | D:6      | Found a basalt altar of Yredelemnul.
  7534 | D:6      | Identified the +4 mace of Linearity {venom, SInv}
  7712 | D:6      | Reached skill level 5 in Spellcasting
  7856 | D:6      | Reached XP level 8. HP: 41/60 MP: 12/15
  8013 | D:6      | Reached skill level 6 in Ice Magic
  8408 | D:6      | Found a stormy altar of Qazlal.
  8827 | D:7      | Found a transporter.
  8832 | D:7      | Noticed a purple ugly thing
  8832 | D:7      | Noticed a purple ugly thing
  8834 | D:7      | Noticed a cyan ugly thing
  8836 | D:7      | Found a corrupted altar of Lugonu.
  8837 | D:7      | Noticed a red ugly thing
  9306 | D:7      | Found a staircase to the Ecumenical Temple.
  9310 | Temple   | Entered the Ecumenical Temple
  9461 | Temple   | Became a worshipper of Vehumet
  9671 | D:7      | Identified Sif Muna's Papyrus of Ashen Flames
  9710 | D:7      | Found a transporter.
  9822 | D:8      | Reached skill level 5 in Fighting
  9829 | D:8      | Reached XP level 9. HP: 38/68 MP: 10/18
  9831 | D:8      | Reached skill level 5 in Unarmed Combat
  9926 | D:8      | Reached skill level 7 in Ice Magic
 10169 | D:8      | Paralysed by a hornet for 1 turns
 10203 | D:8      | Found an opulent altar of Gozag.
 10204 | D:8      | Found a sparkling altar of Nemelex Xobeh.
 10299 | D:8      | HP: 9/69 [centaur/arrow (3)]
 10306 | D:8      | HP: 9/69 [centaur/arrow (7)]
 10306 | D:8      | HP: 1/69 [centaur/arrow (8)]
 10309 | D:8      | Shot with an arrow by a centaur

Illustrated notes

Levels and vault maps discovered:
D:1:      dpeg_arrival_caged_fury, layout_rooms, serial_forest,
          infiniplex_forest_split, infiniplex_forest_clump_large,
          infiniplex_forest_lined_3_way, infiniplex_forest_end_2,
          infiniplex_forest_pool, infiniplex_forest_lined_room_3,
          infiniplex_forest_clump_medium, infiniplex_forest_straight_3,
          infiniplex_forest_clump_medium, infiniplex_forest_lined_room_2,
          chequers_ecumenical_altar_grove
D:2:      layout_rooms, amcnicky_mini_corridor_feature, minmay_fountain_box,
          kennysheep_another_room, uniq_jessica
D:3:      layout_basic, ebering_ghost_disaster_area, uniq_natasha
D:4:      layout_basic, minmay_misc_feat_enclosed
D:5:      layout_basic, uniq_ijyb
D:6:      layout_gridville, lemuel_round_altar,
          nicolae_yredelemnul_ghost_church, hangedman_decor_growths
D:7:      gammafunk_corrupted_shrine, layout_basic,
          minmay_temple_entry_glassed_door
D:8:      layout_rooms, grunt_temple_overflow_opulence
Temple:   nicolae_temple_elliptical

Skill      XL: |  1  2  3  4  5  6  7  8  9 |
---------------+----------------------------+-----
Ice Magic      | 4 5 6 7 |  7.1
Spellcasting   | 3 4 5 6 |  6.3
Fighting       | 1 2 3 5 |  5.7
Unarmed Combat | 1 2 3 4 5 |  5.2
Dodging        | |  1.7
Stealth        | |  1.7

Action                   |  1- 3 |  4- 6 |  7- 9 || total
-------------------------+-------+-------+-------++-------
Melee: Unarmed           |    41 |    63 |   106 ||   210
       Headbutt          |     3 |    12 |    14 ||    29
       Kick              |       |    14 |    21 ||    35
 Cast: Freeze            |    42 |    45 |    42 ||   129
       Frozen Ramparts   |     5 |    27 |    20 ||    52
       Ozocubu's Armour  |     2 |     3 |    10 ||    15
Evoke: Wand              |       |     2 |     5 ||     7
  Use: Scroll            |       |     5 |    10 ||    15
       Potion            |       |       |     3 ||     3
 Stab: Sleeping          |     1 |     1 |     1 ||     3
Armor: Robe              |    15 |     9 |    30 ||    54
Dodge: Dodged            |    40 |    53 |   113 ||   206

Table legend: (Time is in decaauts)
 A = Elapsed time spent in this place.
 B = Non-inter-level travel time spent in this place.
 C = Inter-level travel time spent in this place.
 D = Time resting spent in this place.
 E = Time spent auto-exploring this place.
 F = Levels seen in this place.
 G = Mean time per level.
                   A        B        C        D        E       F      G
               +--------+--------+--------+--------+--------+-----+--------+
         Total |  10301 |  10101 |    200 |   1577 |   7249 |   9 | 1144.6 |
       Dungeon |  10130 |   9961 |    169 |   1577 |   7111 |   8 | 1266.2 |
        Temple |    170 |    139 |     31 |      0 |    138 |   1 |  170.0 |
               +--------+--------+--------+--------+--------+-----+--------+

Top non-repeatable levels by time:
     D:1: 2445 daAuts
     D:6: 1521 daAuts
     D:5: 1513 daAuts
     D:3: 1266 daAuts
     D:2: 993 daAuts
     D:7: 975 daAuts
     D:4: 907 daAuts
     D:8: 507 daAuts
  Temple: 170 daAuts
